 Dungeon Crawl Stone Soup version 0.24-a0-22-g2a401c0 (webtiles) character file.

Game seed: 12957335940167518900

2 xccam the Digger (level 1, -1/13 HPs)
             Began as a Human Wanderer on Feb 1, 2019.
             Slain by a leopard gecko (4 damage)
             ... on level 1 of the Dungeon.
             The game lasted 00:00:47 (83 turns).

xccam the Digger (Human Wanderer)                     Turns: 83, Time: 00:00:48

Health: -1/13      AC:  2    Str:  9    XL:     1   Next: 33%
Magic:  2/2        EV: 11    Int: 14    God:
Gold:   0          SH:  0    Dex: 13    Spells: 1/2 levels left

rFire    . . .     SeeInvis .   c - +0 blowgun
rCold    . . .     Gourm    .   (no shield)
rNeg     . . .     Faith    .   d - +0 robe
rPois    .         Spirit   .   (no helmet)
rElec    .         Reflect  .   (no cloak)
rCorr    .         Harm     .   (no gloves)
MR       .....                  (no boots)
Stlth    +.........             (no amulet)
HPRegen  0.04/turn              (no ring)
MPRegen  0.08/turn              (no ring)

@: no status effects
A: no striking features
a: no special abilities


You were on level 1 of the Dungeon.
You were not hungry.

You visited 1 branch of the dungeon, and saw 1 of its levels.

Inventory:

Hand Weapons
 c - a +0 blowgun (weapon)
Missiles
 b - a poisoned needle (quivered)
Armour
 d - a +0 robe (worn)
Comestibles
 f - a ration


   Skills:
 + Level 1.0 Throwing
 + Level 1.0 Spellcasting
   Level 1.0 Translocations
 + Level 4.1 Earth Magic
   Level 2.0 Poison Magic
   Level 1.0 Evocations


You had one spell level left.
You knew the following spells:

 Your Spells              Type           Power        Failure   Level  Hunger
a - Sandblast             Erth           ##....       4%          1    ##.....

Your spell library contained the following spells:

 Spells                   Type           Power        Failure   Level  Hunger
 Passwall                 Tmut/Erth      #.......     17%         2    ###....
 Stone Arrow              Conj/Erth      #.....       34%         3    ####...
 Petrify                  Tmut/Erth      #.......     75%         4    #####..
 Lee's Rapid Deconstruct  Erth           ##........   80%         5    ######.


Dungeon Overview and Level Annotations

Branches:
Dungeon (1/15)

Altars:


Message History

The jackal is almost dead.
The jackal bites you.
The jackal bites the plant but does no damage.
Firing (i - inventory)
b - 3 poisoned needles (quivered)
Press: ? - help, Shift-Dir - straight line, f/p - jackal
Aim: a jackal (almost dead)
You shoot a poisoned needle. The poisoned needle misses the jackal.
The poisoned needle hits the jackal.
The jackal is poisoned.
The jackal bites the plant but does no damage.
The jackal bites you. The jackal closely misses you.
The leopard gecko bites you.
* * * LOW HITPOINT WARNING * * *
Firing (i - inventory)
b - 2 poisoned needles (quivered)
Press: ? - help, Shift-Dir - straight line, f/p - jackal
Aim: a jackal (almost dead)
You shoot a poisoned needle.
The poisoned needle hits the leopard gecko.
The leopard gecko is poisoned.
The leopard gecko bites you.
You die...

...§≈§§§§.§§§≈≈≈.... #(#
.§≈§≈§§§.§...≈≈≈≈... #.#
.§§§...........≈≈... #(#
.§.§§..#..##.....≈.. #.#
.........###........ #.#
######.###############.#
#..............♣♣.♣
##########..##♣♣..♣
##@#♣♣♣P.♣ #l♣♣.♣.♣♣
#h♣.P†PP♣ #.h.((.♣♣
##♣.♣♣♣♣ ###


You could see a leopard gecko and 2 jackals.

Vanquished Creatures
  A jackal (D:1)
  A frilled lizard (D:1)
2 creatures vanquished.

Notes
Turn   | Place    | Note
-------+----------+-------------------------------------------
     0 | D:1      | xccam the Human Wanderer began the quest for the Orb.
     0 | D:1      | xccam set off with the following items: 9 poisoned needles,
                  | a +0 blowgun, a +0 robe, a ration; and the following spell
                  | memorised: Sandblast; and the following spells available to
                  | memorise: Passwall, Stone Arrow, Petrify, Lee's Rapid
                  | Deconstruction
     0 | D:1      | Reached XP level 1. HP: 13/13 MP: 2/2
    83 | D:1      | Slain by a leopard gecko

Vault maps used:
D:1:      onia_arrival_pentagram, serial_forest, infiniplex_forest_zigzag_2,
          infiniplex_forest_straight_2, infiniplex_forest_lined_room_,
          infiniplex_forest_clump_long, infiniplex_forest_clump_long,
          infiniplex_forest_corner_2, infiniplex_forest_clump_diagonal

Action                   || total
-------------------------++-------
Melee: Blowgun           ||     1
 Fire: Blowgun           ||    12
Armor: Robe              ||     1
Dodge: Dodged            ||     2

Table legend:
 A = Non-vault XP
 B = Vault XP
 C = Vault XP percentage of total XP
 D = Non-vault monster count
 E = Vault monster count
 F = Vault count percentage of total count
                 A         B        C        D         E       F
            +---------+---------+-------+---------+---------+-------
      Total |       3 |       0 |   0.0 |       2 |       0 |   0.0
            +---------+---------+-------+---------+---------+-------
        D:1 |       3 |       0 |   0.0 |       2 |       0 |   0.0
            +---------+---------+-------+---------+---------+-------
